 Dungeon Crawl Stone Soup version 0.30-a0-1008-g30c9307041 (webtiles) character file.

Game seed: 589382372570516898

28 jimonade the Grave Robber (level 2, 0/19 HPs)
             Began as a Mummy Necromancer on Apr 5, 2023.
             Slain by an orc
             ... wielding a +0 falchion
              (4 damage)
             ... on level 1 of the Dungeon.
             The game lasted 00:02:38 (1126 turns).

jimonade the Grave Robber (Mummy Necromancer)       Turns: 1126, Time: 00:02:38

Health: 0/19       AC:  3    Str: 11    XL:     2   Next: 96%
Magic:  2/6        EV: 12    Int: 14    God:
Gold:   68         SH:  0    Dex: 12    Spells: 6/7 levels left

rFire   x . .      SeeInvis .    e - +0 flail
rCold   + . .      Faith    +    (no shield)
rNeg    + + +      Spirit   .    a - +0 robe
rPois   ∞          Reflect  .    i - +0 helmet
rElec   .          Rampage  .    (no cloak)
rCorr   .                        (no gloves)
Will    .....                    (no boots)
Stlth   ++                       (no amulet)
HPRegen 0.23/turn                (no ring)
MPRegen 0.10/turn                (no ring)

@: no status effects
A: cold resistance 1, negative energy resistance 3, torment resistance 2, heat
vulnerability 1, no potions, faith
a: no special abilities


You were on level 1 of the Dungeon.
You visited 1 branch of the dungeon, and saw 2 of its levels.

You collected 68 gold pieces.

Inventory:

Hand Weapons
 e - a +0 flail (weapon)
 g - a +0 rapier
 h - a +0 whip
 k - a +0 mace
Missiles
 c - 4 poisoned darts
 j - 6 stones
Armour
 a - a +0 robe (worn)
 b - a +0 leather armour
 d - a +0 ring mail
 i - a +0 helmet (worn)
Scrolls
 f - 2 scrolls of teleportation {unknown}


   Skills:
 + Level 0.1 Fighting
 + Level 1.7 Dodging
 - Level 1.5 Stealth
 + Level 3.1 Spellcasting
 * Level 4.6 Necromancy


You had 6 spell levels left.
You knew the following spells:

 Your Spells              Type           Power      Damage    Failure   Level
a - Necrotise             Necr           60%        1d7       3%          1

Your spell library contained the following spells:

 Spells                   Type           Power      Damage    Failure   Level
 Vampiric Draining        Necr           15%        2d7       10%         3
 Animate Dead             Necr           15%        N/A       30%         4
 Agony                    Necr           15%        N/A       65%         5


Dungeon Overview and Level Annotations

Branches:
Dungeon (2/15)

Altars:


Innate Abilities, Weirdness & Mutations

You are immune to poison.
Your flesh is cold resistant. (rC+)
You are immune to negative energy. (rN+++)
You are immune to unholy pain and torment.
You are vulnerable to heat. (rF-)
You do not drink.
You have a special connection with the divine. (Faith)


Message History

The orc shouts!
The orc writhes in agony.
The orc writhes in agony.
Your magical contamination has completely faded away.
The orc writhes in agony!
You kill the orc!
The dead are walking!
There are monsters nearby!
You swap places.
The giant cockroach bites your orc skeleton.
Your orc skeleton barely misses the giant cockroach.
The giant cockroach bites your orc skeleton.
The giant cockroach bites your orc skeleton.
Your orc skeleton is destroyed!
There is a stone staircase leading up here.
The giant cockroach writhes in agony.
The giant cockroach closely misses you.
The giant cockroach writhes in agony.
The giant cockroach barely misses you.
The giant cockroach writhes in agony.
You kill the giant cockroach!
The orc hits you with a +0 mace. The orc hits you with a +0 falchion.
You climb upwards.
There is a stone staircase leading down here.
The orc attacks as you move away! The orc barely misses you.
The orc attacks as you move away! The orc hits you with a +0 falchion.
You are too injured to fight recklessly!
You closely miss the orc. The orc barely misses you.
You hit the orc.
The orc is severely wounded.
The orc hits you with a +0 falchion.
You completely miss the orc.
The orc is severely wounded.
The orc closely misses you. The orc hits you but does no damage.
You closely miss the orc.
The orc is severely wounded.
The orc hits you with a +0 falchion.
* * * LOW HITPOINT WARNING * * *
You hit the orc but do no damage.
The orc is severely wounded.
The orc hits you with a +0 falchion.
You die...

.#.##............##.###########
.#.##............#............#
....##....##....##..........#.#
....###..!.....##..########.#.#
......###....###.>..........#.#
..#.#...######...#.#######..#.#
..#............#o...# #..#.#
.....#.#.#####.#o#..# #..#.#
...............#@#..######..#.#
#.####.#.#..#..#.#..#.........#
#......#.#..#..#.####.####.#.##
########.####..#...........#.#
...............######.######.#
########.####.........######.#
#.....................#
#######################


You could see 2 orcs.

Vanquished Creatures
  An orc (D:2)
  5 ball pythons (D:1)
  3 bats (D:1)
  An endoplasm (D:1)
  2 giant cockroaches
  A hobgoblin (D:1)
  4 jackals (D:1)
  A quokka (D:1)
  2 frilled lizards (D:1)
  A goblin (D:1)
  2 rats (D:1)
23 creatures vanquished.

Vanquished Creatures (collateral kills)
  A bat (D:1)
1 creature vanquished.

Grand Total: 24 creatures vanquished

Notes
Turn   | Place    | Note
-------+----------+-------------------------------------------
     0 | D:1      | jimonade the Mummy Necromancer began the quest for the Orb.
     0 | D:1      | Reached XP level 1. HP: 13/13 MP: 4/4
   198 | D:1      | Reached XP level 2. HP: 19/19 MP: 0/5
   337 | D:1      | Found a faded altar of an unknown god.
  1126 | D:1      | Slain by an orc

Illustrated notes

Levels and vault maps discovered:
D:1:      minmay_arrival_loop, layout_basic,
          hellmonk_ecumenical_altar_leap_of_faith
D:2:      layout_basic

Skill      XL: |  1  2 |
---------------+-------+-----
Spellcasting   | 3 |  3.1
Fighting       | |  0.1
Dodging        | |  1.7
Stealth        | |  1.5
Necromancy     | |  4.6

Action                     || total
---------------------------++-------
  Melee: Unarmed           ||     7
         Flail             ||     6
   Cast: Necrotise         ||    38
 Armour: Robe              ||     5
  Dodge: Dodged            ||    16

Table legend: (Time is in decaauts)
 A = Elapsed time spent in this place.
 B = Non-inter-level travel time spent in this place.
 C = Inter-level travel time spent in this place.
 D = Time resting spent in this place.
 E = Time spent auto-exploring this place.
 F = Levels seen in this place.
 G = Mean time per level.
                   A        B        C        D        E       F      G
               +--------+--------+--------+--------+--------+-----+--------+
         Total |   1127 |   1072 |     55 |     49 |    726 |   2 |  563.5 |
       Dungeon |   1127 |   1072 |     55 |     49 |    726 |   2 |  563.5 |
               +--------+--------+--------+--------+--------+-----+--------+

Top non-repeatable levels by time:
     D:1: 1088 daAuts
     D:2: 39 daAuts
